 Dungeon Crawl Stone Soup version 0.17.1-3-g152610e (webtiles) character file.

175 kaze the Covered (level 5, -6/46 HPs)
             Began as a Hill Orc Fighter on Mar 4, 2016.
             Killed by divine providence
             ... invoked by an orc priest
              (9 damage)
             ... on level 4 of the Dungeon.
             The game lasted 00:06:07 (2608 turns).

kaze the Covered (Hill Orc Fighter)                 Turns: 2608, Time: 00:06:09

Health: -6/46      AC:  8    Str: 20    XL:     5   Next: 55%
Magic:  5/5        EV:  8    Int:  8    God:
Gold:   161        SH:  9    Dex: 10    Spells: 0 memorised, 4 levels left

rFire  . . .     SeeInvis .     a - +0 long sword
rCold  . . .     Clarity  .     b - +0 scale mail
rNeg   . . .     SustAt   .     c - +0 shield
rPois  .         Gourm    .     (no helmet)
rElec  .         Spirit   .     x - +0 cloak
rCorr  .         Warding  .     (no gloves)
rMut   .         Stasis   .     (no boots)
MR     .....                    (no amulet)
Stlth  ..........               (no ring)
                                (no ring)

@: not resistant to hostile enchantments, extremely unstealthy
A: no striking features
a: Convert to Beogh


You were on level 4 of the Dungeon.
You were not hungry.

You visited 1 branch of the dungeon, and saw 4 of its levels.

You collected 161 gold pieces.

Inventory:

Hand Weapons
 a - a +0 long sword (weapon)
Missiles
 l - 5 large rocks (quivered)
Armour
 b - a +0 scale mail (worn)
 c - a +0 shield (worn)
 x - a +0 cloak (worn)
Jewellery
 j - an uncursed ring of ice {unknown}
Wands
 r - a wand of digging (12)
Scrolls
 g - a scroll of blinking {unknown}
 h - 2 scrolls of amnesia {unknown}
 i - 3 scrolls of remove curse {unknown}
 k - 4 scrolls of identify {unknown}
 p - a scroll of fear {unknown}
 q - a scroll of immolation {unknown}
 s - a scroll of enchant armour {unknown}
 t - a scroll of noise {unknown}
 v - a scroll of teleportation {unknown}
Potions
 d - 2 potions of might
 f - a potion of heal wounds {unknown}
 m - a potion of lignification {unknown}
 n - a potion of flight {unknown}
 o - a potion of curing {unknown}
 u - a potion of poison {unknown}
 w - a potion of cure mutation {unknown}
 z - a potion of haste {unknown}
 A - a potion of mutation {unknown}
Comestibles
 e - 2 bread rations


   Skills:
 + Level 4.1 Fighting
 + Level 2.8 Long Blades
 + Level 4.5 Armour
 + Level 2.0 Dodging
 + Level 4.2 Shields


You had 4 spell levels left.
You didn't know any spells.

Dungeon Overview and Level Annotations

Branches:
Dungeon (4/15)
 Temple: D:4-7

Altars:
Elyvilon
Qazlal
Zin


Message History

You hear a shout! x2
An orc comes into view.
The orc shouts!
The orc moves out of view.
The orc priest hits you with a club.
* * * LOW HITPOINT WARNING * * *
An orc comes into view. It is wielding a club.
The orc priest threatens, "By the altar or by the axe, you will meet Beogh!"
You hit the orc priest.
The orc priest is lightly wounded.
The orc priest threatens, "By the altar or by the axe, you will meet Beogh!"
The hound skeleton barely misses you. You block the hound skeleton's attack.
The orc priest hits you with a club.
* * * LOW HITPOINT WARNING * * *
You slash the orc priest!
The orc priest is almost dead.
The orc priest shouts, "Join the one true god or die!"
The hound skeleton bites you but does no damage.
The orc priest calls down the wrath of Beogh upon you.
Something smites you!
You die...

#..# #.#
#..###!#
##...#.#
#.#.#.#
#.#.#.#####
#.#.#.....
#.#.#..#
#.#...Z#######
#.#...@.$.....
#.#....o.#####
#.......#
.....!.....
###...$...#o..
#......#o...
#......##. .
#......# #.


You could see an orc priest, 2 orcs and a hound skeleton.

Vanquished Creatures
  An iguana (D:4)
  6 adders
  A river rat (D:3)
  An ooze (D:1)
  2 worms
  4 giant geckos
  11 orcs
  3 bats
  4 giant cockroaches
  2 goblins
  6 hobgoblins
  8 kobolds
  A quokka (D:2)
  2 giant newts (D:2)
  10 rats
62 creatures vanquished.

Notes
Turn   | Place    | Note
--------------------------------------------------------------
     0 | D:1      | kaze the Hill Orc Fighter began the quest for the Orb.
     0 | D:1      | Reached XP level 1. HP: 19/19 MP: 1/1
   253 | D:1      | Reached XP level 2. HP: 25/27 MP: 2/2
   708 | D:2      | Reached XP level 3. HP: 26/33 MP: 3/3
   819 | D:2      | Reached skill level 4 in Fighting
   887 | D:2      | Found a glowing silver altar of Zin.
  1059 | D:2      | Found a stormy altar of Qazlal.
  1313 | D:3      | Found a faded altar to an unknown god.
  1337 | D:3      | Reached XP level 4. HP: 30/40 MP: 4/4
  1343 | D:3      | Reached skill level 1 in Dodging
  2259 | D:3      | Reached XP level 5. HP: 42/46 MP: 5/5
  2527 | D:4      | Found a white marble altar of Elyvilon.
  2608 | D:4      | Killed from afar by an orc priest

Action                   |  1- 3 |  4- 6 || total
-------------------------+-------+-------++-------
Melee: Long sword        |   132 |   200 ||   332
  Eat: Fruit             |       |     3 ||     3
       Bread ration      |       |     1 ||     1
